 Dungeon Crawl Stone Soup version 0.22-a0-247-gbddf880 (webtiles) character file.

1352 MatthieuS the Archer (level 8, -7/71 HPs)
             Began as a Minotaur Hunter on Feb 24, 2018.
             Was an Initiate of Okawaru.
             Killed from afar by an orc wizard (11 damage)
             ... with a puff of flame
             ... on level 7 of the Dungeon.
             The game lasted 00:16:09 (5437 turns).

MatthieuS the Archer (Minotaur Hunter)              Turns: 5437, Time: 00:16:10

Health: -7/71      AC:  7    Str: 17    XL:     8   Next: 36%
Magic:  7/7        EV: 14    Int:  8    God:    Okawaru [......]
Gold:   281        SH:  0    Dex: 13    Spells: 7/7 levels left

rFire    . . .     SeeInvis .   a - +1 whip (venom)
rCold    . . .     Gourm    .   (no shield)
rNeg     . . .     Faith    .   z - +2 ring mail {rPois}
rPois    +         Spirit   .   (helmet restricted)
rElec    .         Reflect  .   g - -1 cloak (curse)
rCorr    .         Harm     .   (no gloves)
MR       +....                  (no boots)
Stlth    +.........             (no amulet)
HPRegen  0.21/turn              C - ring of protection from magic
MPRegen  0.10/turn              (no ring)

@: no status effects
A: retaliatory headbutt, horns 2
a: Renounce Religion


You were on level 7 of the Dungeon.
You worshipped Okawaru.
Okawaru was noncommittal.
You were not hungry.

You visited 2 branches of the dungeon, and saw 8 of its levels.

You collected 461 gold pieces.
You spent 180 gold pieces at shops.

Inventory:

Hand Weapons
 a - a +1 whip of venom (weapon)
 w - a +5 shortbow of freezing
 F - a +0 spear
Missiles
 d - 8 arrows
Armour
 g - a cursed -1 cloak (worn)
 z - a +2 ring mail of poison resistance (worn)
 A - a +4 scale mail of cold resistance
 B - a +0 cloak
Jewellery
 C - a ring of protection from magic (left hand)
Wands
 E - a wand of random effects (11)
Scrolls
 b - 3 scrolls of fear
 j - 4 scrolls of immolation
 m - a scroll of enchant armour
 n - 3 scrolls of teleportation
 q - 2 scrolls of amnesia
 r - a scroll of magic mapping
 u - 2 scrolls of random uselessness {unknown}
 x - 2 scrolls of remove curse
 y - 2 scrolls of fog
 D - a scroll of noise {unknown}
Potions
 c - 5 potions of curing
 e - 3 potions of invisibility
 h - 2 potions of haste
 i - a potion of agility
 k - 2 potions of magic
 l - a potion of cancellation {unknown}
 o - 2 potions of brilliance {unknown}
 p - a potion of degeneration {unknown}
 t - a potion of might {unknown}
 v - 2 potions of mutation {unknown}
Comestibles
 f - 11 rations
 s - 6 chunks of flesh


   Skills:
 + Level 6.4 Fighting
 * Level 9.1 Bows
 + Level 6.0 Dodging
 - Level 0.7 Stealth
 + Level 0.8 Invocations


You had 7 spell levels left.
You didn't know any spells.

Dungeon Overview and Level Annotations

Branches:
Dungeon (7/15)             Temple (1/1) D:4

Altars:
Cheibriados
Dithmenos
Fedhas
Gozag
Hepliaklqana
Kikubaaqudgha
Makhleb
Nemelex Xobeh
Okawaru
Qazlal
Ru
Sif Muna
Trog
Uskayaw
Vehumet
Xom
Yredelemnul
Zin

Shops:
D:6 (


Innate Abilities, Weirdness & Mutations

You reflexively headbutt those who attack you in melee.
You have a pair of horns on your head.


Message History

Evoke which item? (* to show all) (? for menu, Esc to quit)
Aiming: Random Effects
Press: ? - help, Shift-Dir - straight line, f - orc wizard
Aim: an orc wizard, wielding a dagger and wearing a robe (fast)
The puff of flame hits something.
Something hits you!
* * * LOW HITPOINT WARNING * * *
The orc wizard casts a cantrip, but nothing happens.
The orc wizard casts a spell at you.
The puff of flame hits something.
The orc wizard miscasts a cantrip.
Evoke which item? (* to show all) (? for menu, Esc to quit)
Aiming: Random Effects
Press: ? - help, Shift-Dir - straight line, f/p - orc wizard
Aim: an orc wizard, wielding a dagger and wearing a robe (fast)
The puff of frost hits something.
Something hits you.
* * * LOW HITPOINT WARNING * * *
Okay, then.
The orc wizard points at you and mumbles some strange words.
The puff of flame hits you!
You die...

. .. # # # ... #.#.#.#
..#####.. #.# ..... ...
#############.#
.#####.....o.o.....#
.......@########...#
...................#
.##+##...((.<..........
.......)..####..##
........=..# ....
...$.#.#.#.... ...#
.....).......### ..#
#......#.#.#.## ...
.........#


You could see an orc wizard and an orc.

Vanquished Creatures
  Edmund (D:5)
  An ice beast (D:6)
  3 ogres
  A sky beast (D:5)
  A bullfrog (D:6)
  A water moccasin zombie (D:5)
  A crimson imp (D:6)
  A centaur zombie (D:5)
  3 hounds
  An orc priest (D:7)
  A centaur skeleton (D:6)
  4 orc wizards
  A bullfrog skeleton (D:3)
  An iguana (D:6)
  3 worker ants
  4 gnolls (D:6)
  7 adders
  2 shadow imps (D:6)
  4 worms
  A dart slug (D:2)
  6 leopard geckos
  13 orcs
  8 bats
  A giant cockroach (D:2)
  7 goblins
  4 hobgoblins (D:3)
  15 jackals
  5 quokkas
  7 frilled lizards
  2 kobolds
  2 leopard gecko skeletons (D:5)
  A leopard gecko zombie (D:6)
  A quokka skeleton (D:4)
  9 rats
123 creatures vanquished.

Notes
Turn   | Place    | Note
-------+----------+-------------------------------------------
     0 | D:1      | MatthieuS the Minotaur Hunter began the quest for the Orb.
     0 | D:1      | Reached XP level 1. HP: 18/18 MP: 0/0
   282 | D:1      | Reached XP level 2. HP: 20/25 MP: 1/1
   779 | D:2      | Reached skill level 5 in Bows
   779 | D:2      | Reached XP level 3. HP: 24/31 MP: 2/2
  1258 | D:2      | Found a radiant altar of Vehumet.
  1527 | D:2      | Found a sparkling altar of Nemelex Xobeh.
  1686 | D:3      | Found a sacrificial altar of Ru.
  1699 | D:3      | Reached XP level 4. HP: 36/38 MP: 3/3
  1842 | D:3      | Found a basalt altar of Yredelemnul.
  2120 | D:3      | Reached XP level 5. HP: 46/46 MP: 4/4
  2368 | D:4      | Reached skill level 6 in Bows
  2428 | D:4      | Found a burning altar of Makhleb.
  2502 | D:4      | Found a staircase to the Ecumenical Temple.
  2511 | Temple   | Entered the Ecumenical Temple
  2597 | D:4      | Found a glowing silver altar of Zin.
  2685 | D:4      | Reached XP level 6. HP: 17/52 MP: 5/5
  3634 | D:5      | Entered Level 5 of the Dungeon
  3648 | D:5      | Noticed Edmund
  3662 | D:5      | Killed Edmund
  3662 | D:5      | Reached skill level 7 in Bows
  4031 | D:5      | Noticed a sky beast
  4040 | D:5      | Killed a sky beast
  4040 | D:5      | Reached skill level 5 in Fighting
  4040 | D:5      | Reached XP level 7. HP: 61/61 MP: 6/6
  4411 | D:5      | Reached skill level 5 in Dodging
  4559 | D:6      | Reached skill level 8 in Bows
  4693 | D:6      | Reached XP level 8. HP: 69/70 MP: 7/7
  4794 | D:6      | Found an iron altar of Okawaru.
  4801 | D:6      | Became a worshipper of Warmaster Okawaru
  4955 | D:6      | Found a hide-covered altar of Uskayaw.
  5123 | D:6      | Found Uxierygoff's Antique Weapon Shop.
  5132 | D:6      | Bought a glowing shortbow for 180 gold pieces
  5139 | D:6      | Found a stormy altar of Qazlal.
  5227 | D:6      | Reached skill level 9 in Bows
  5435 | D:7      | HP: 3/71 [something (2)]
  5437 | D:7      | Killed from afar by an orc wizard

Vault maps used:
D:1:      erik_arrival_cave_to_civilisation
D:2:      vehumet_crystals, nemelex_xobeh_ov_fountains_minmay,
          mrwooster_statue_mirror
D:3:      nicolae_ru_awakened_eye, lemuel_crystal_altar, bh_walls_and_bars
D:4:      bloody_makhleb, lemuel_crystal_altar, minmay_temple_entry_junction
D:5:      first_ration, uniq_edmund
D:6:      kennysheep_little_box, old_standard_altar, serial_shops,
          nicolae_shop_trees, grunt_qazlal_clouds
D:7:      minmay_opposing_rooms, lemuel_crystal_altar, kennysheep_mini,
          old_standard_altar, serial_co_window_serial,
          co_window_of_opportunity_a, co_window_paths_a, co_window_paths_a,
          co_window_paths_a, co_window_paths_b, co_window_corner_ca,
          co_window_broadway_a, co_window_paths_c, co_window_cross_4,
          co_window_broadway_c, co_window_corner_ca, co_window_paths_e,
          glass_columns_b, glass_columns_b, glass_columns_c, glass_columns_a,
          glass_columns_b
Temple:   jpeg_temple_island

Skill      XL: |  1  2  3  4  5  6  7  8 |
---------------+-------------------------+-----
Fighting       | 3 4 5 6 |  6.4
Bows           | 5 6 7 8 9 |  9.1
Dodging        | 3 4 5 6 |  6.0
Stealth        | |  0.7
Invocations    | |  0.8

Action                   |  1- 3 |  4- 6 |  7- 9 || total
-------------------------+-------+-------+-------++-------
Melee: Spear             |    48 |     6 |       ||    54
       Short sword       |     1 |       |       ||     1
       Headbutt          |     7 |     4 |     2 ||    13
       Whip              |       |       |     7 ||     7
 Fire: Shortbow          |    70 |   141 |   119 ||   330
Evoke: Wand              |       |       |     3 ||     3
  Use: Scroll            |     5 |     9 |       ||    14
       Potion            |       |     2 |       ||     2
  Eat: Chunk             |     2 |     4 |     4 ||    10
       Ration            |       |     1 |       ||     1
Armor: Leather armour    |     3 |       |       ||     3
       Ring mail         |     7 |    29 |    20 ||    56
       Scale mail        |    21 |     4 |       ||    25
Dodge: Dodged            |    37 |    47 |    58 ||   142

Table legend:
 A = Spawn XP
 B = Non-spawn XP
 C = Spawn XP percentage of total XP
 D = Spawn monster count
 E = Non-spawn monster count
 F = Spawn count percentage of total count
 G = Total turns spent on level
                    A         B        C        D         E        F      G
               +---------+---------+-------+---------+---------+-------+---------
         Total |       0 |    1932 |   0.0 |       0 |     123 |   0.0 |  5437
               +---------+---------+-------+---------+---------+-------+---------
           D:1 |       0 |      21 |   0.0 |       0 |      13 |   0.0 |   732
           D:2 |       0 |      63 |   0.0 |       0 |      25 |   0.0 |   931
           D:3 |       0 |     118 |   0.0 |       0 |      22 |   0.0 |   631
           D:4 |       0 |     221 |   0.0 |       0 |      16 |   0.0 |  1270
           D:5 |       0 |     658 |   0.0 |       0 |      23 |   0.0 |   881
           D:6 |       0 |     764 |   0.0 |       0 |      20 |   0.0 |   889
           D:7 |       0 |      87 |   0.0 |       0 |       4 |   0.0 |    33
               +---------+---------+-------+---------+---------+-------+---------
